 Dungeon Crawl Stone Soup version 0.30-a0-586-g23e55c9e0a (webtiles) character file.

Game seed: 9733003159956165083

11 Bnni the Vexing (level 2, 0/21 HPs)
             Began as a Formicid Hexslinger on Jan 3, 2023.
             Succumbed to a kobold's poison
             ... on level 1 of the Dungeon.
             The game lasted 00:00:18 (424 turns).

Bnni the Vexing (Formicid Hexslinger)                Turns: 424, Time: 00:00:19

Health: 0/21       AC:  2    Str: 14    XL:     2   Next: 40%
Magic:  2/3        EV: 12    Int: 12    God:
Gold:   12         SH:  0    Dex: 14    Spells: 2/3 levels left

rFire   + . .      SeeInvis +    a - +1 sling
rCold   + . .      Faith    .    (no shield)
rNeg    . . .      Spirit   .    c - +0 robe
rPois   +          Reflect  .    (helmet unavailable)
rElec   +          Harm     .    (no cloak)
rCorr   +          Rampage  .    (no gloves)
Will    .....                    (no boots)
Stlth   +                        (no amulet)
HPRegen 0.23/turn                (no ring)
MPRegen 0.08/turn                (no ring)

@: lethally poisoned (0 -> -14), resistant
A: permanent stasis, dig shafts and tunnels, antennae 3, four strong arms
a: Dig, Shaft Self


You were on level 1 of the Dungeon.
You visited 1 branch of the dungeon, and saw 1 of its levels.

You collected 12 gold pieces.

Inventory:

Hand Weapons
 a - a +1 sling (weapon)
Armour
 c - a +0 robe (worn)
Scrolls
 b - a scroll of poison
Potions
 d - a potion of resistance
 e - a potion of mutation {unknown}
 f - a potion of brilliance {unknown}


   Skills:
 + Level 1.3 Fighting
 * Level 2.2 Ranged Weapons
 - Level 1.7 Dodging
 + Level 1.2 Spellcasting
 * Level 3.8 Hexes
 * Level 0.7 Fire Magic


You had 2 spell levels left.
You knew the following spells:

 Your Spells              Type           Power      Damage    Failure   Level
a - Slow                  Hex            40%        N/A       6%          1

Your spell library contained the following spells:

 Spells                   Type           Power      Damage    Failure   Level
 Inner Flame              Hex/Fire       6%         N/A       34%         3
 Portal Projectile        Hex/Tloc       10%        N/A       36%         3
 Cause Fear               Hex            5%         N/A       52%         4


Dungeon Overview and Level Annotations

Branches:
Dungeon (1/15)

Altars:


Innate Abilities, Weirdness & Mutations

You cannot be hasted, slowed, berserked, paralysed or teleported.
You can dig through walls and to a lower floor.
You have a pair of large antennae on your head. (SInv)
Your four strong arms can wield two-handed weapons with a shield.


Message History

There are monsters nearby!
You shoot a sling bullet.
The sling bullet closely misses the kobold.
The bat hits you but does no damage.
The kobold hits you with a +3 dagger of venom.
The kobold completely misses you.
You shoot a sling bullet.
The sling bullet barely misses the kobold.
The bat barely misses you.
The kobold hits you with a +3 dagger of venom.
There are monsters nearby!
You shoot a sling bullet.
The sling bullet hits the kobold but does no damage.
The kobold is severely wounded.
The bat hits you but does no damage. The kobold misses you.
There are monsters nearby!
You shoot a sling bullet.
The sling bullet hits the kobold but does no damage.
The kobold is severely wounded.
The bat completely misses you.
The kobold hits you with a +3 dagger of venom.
You are poisoned.
The kobold hits you with a +3 dagger of venom.
You shoot a sling bullet.
The sling bullet barely misses the kobold.
You feel sick. The bat hits you but does no damage.
The kobold barely misses you.
Casting: Slow (safe; 6% risk of failure)
Confirm with . or Enter, or press ? or * to list all spells.
Aiming: Slow (safe; 6% risk of failure)
Press: ? - help, Shift-Dir - straight line, f/p - kobold
Aim: a kobold, wielding a +3 dagger of venom (severely wounded, chance to affect: 62%)
The kobold resists with significant effort.
You feel sick. The bat barely misses you.
The kobold hits you with a +3 dagger of venom.
* * * LOW HITPOINT WARNING * * *
You are lethally poisoned!
It was a potion of resistance.
You feel protected.
You die...

# ....... # ....(..
# ....... ####### #
....... #.....# #
....... #.....# ##
.......#### #.....#
##. ....:b.K..#
#.....# #..
.......@..#
#.....####.#
..........#
#..........#
####.####.#
#......#####
........###......#
#
######.#.........##
#
#.#.###..>†#######
# #........).....#
#..#.#.#.#.#.#.#
#..............#


You could see a bat and a kobold.

Vanquished Creatures
  2 bats (D:1)
  2 endoplasms (D:1)
  A goblin (D:1)
  A hobgoblin (D:1)
  3 frilled lizards (D:1)
  A kobold (D:1)
  A rat (D:1)
11 creatures vanquished.

Notes
Turn   | Place    | Note
-------+----------+-------------------------------------------
     0 | D:1      | Bnni the Formicid Hexslinger began the quest for the Orb.
     0 | D:1      | Reached XP level 1. HP: 15/15 MP: 2/2
   211 | D:1      | Reached XP level 2. HP: 21/21 MP: 3/3
   424 | D:1      | Succumbed to a kobold's poison

Illustrated notes

Levels and vault maps discovered:
D:1:      psy_arrival_radial01, layout_basic, serial_park_tiny_pond,
          minmay_misc_feat_plants, minmay_misc_feat_pillars, glass_columns_b,
          minmay_pentomino_o2

Action                   || total
-------------------------++-------
 Fire: Sling             ||    32
 Cast: Slow              ||     1
  Use: Potion            ||     1
Armor: Robe              ||     5
Dodge: Dodged            ||     9

Table legend: (Time is in decaauts)
 A = Elapsed time spent in this place.
 B = Non-inter-level travel time spent in this place.
 C = Inter-level travel time spent in this place.
 D = Time resting spent in this place.
 E = Time spent auto-exploring this place.
 F = Levels seen in this place.
 G = Mean time per level.
                   A        B        C        D        E       F      G
               +--------+--------+--------+--------+--------+-----+--------+
         Total |    433 |    433 |      0 |      0 |    366 |   1 |  433.0 |
       Dungeon |    433 |    433 |      0 |      0 |    366 |   1 |  433.0 |
               +--------+--------+--------+--------+--------+-----+--------+

Top non-repeatable levels by time:
     D:1: 433 daAuts
